 Dungeon Crawl Stone Soup version 0.30.2 (webtiles) character file.

Game seed: 744439700945835148

59 idkwhattoput the Shooter (level 3, -7/30 HPs)
             Began as a Minotaur Hunter on Apr 9, 2024.
             Was a Follower of the Shining One.
             Mangled by Menkaure (8 damage)
             ... on level 4 of the Dungeon on Apr 11, 2024.
             The game lasted 00:06:29 (745 turns).

idkwhattoput the Shooter (Minotaur Hunter)           Turns: 745, Time: 00:06:29

Health: -7/30      AC:  3    Str: 17    XL:     3   Next: 78%
Magic:  2/2        EV: 12    Int:  6    God:    the Shining One [*.....]
Gold:   51         SH:  0    Dex: 13    Spells: 2/2 levels left

rFire   . . .        a - +0 shortbow
rCold   . . .        (shield currently unavailable)
rNeg    . . .        c - +0 leather armour
rPois   .            (helmet restricted)
rElec   .            (no cloak)
rCorr   .            (no gloves)
SInv    +            (no boots)
Will    .....        (no amulet)
Stlth   +            f - ring of see invisible
HPRegen 0.25/turn    (no ring)
MPRegen 0.08/turn

%: no passive effects
@: glowing
A: horns 2, retaliatory headbutt
a: Renounce Religion, Divine Shield


You were on level 4 of the Dungeon.
You worshipped the Shining One.
The Shining One was aware of your devotion.
You visited 1 branch of the dungeon, and saw 4 of its levels.

You collected 51 gold pieces.

Inventory:

Hand Weapons
 a - a +0 shortbow (weapon)
 j - a +4 mace
Missiles
 i - 2 javelins
Armour
 c - a +0 leather armour (worn)
 d - a +0 ring mail
Jewellery
 f - a ring of see invisible (left hand)
Scrolls
 b - a scroll of immolation
 k - a scroll of amnesia {unknown}
 l - a scroll of identify
Potions
 e - a potion of attraction
 g - a potion of mutation
 h - a potion of flight {unknown}


   Skills:
 + Level 2.7 Fighting
 + Level 5.7 Ranged Weapons
 + Level 0.9 Armour
 + Level 2.2 Dodging
 + Level 0.8 Stealth


You had 2 spell levels left.
You didn't know any spells.
Your spell library was empty.

Dungeon Overview and Level Annotations

Branches:
Dungeon (4/15)
 Temple: D:4-7

Altars:
The Shining One

Annotations:
D:4 Menkaure


Innate Abilities, Weirdness & Mutations

You have a pair of horns on your head.
You reflexively headbutt those who attack you in melee.


Message History

The orc completely misses you.
You shoot an arrow. The arrow hits the orc.
The orc is almost dead.
The orc hits you but does no damage.
You shoot an arrow. The arrow hits the orc.
You kill the orc!
Things that are here:
a +0 dagger; a +0 leather armour; an orc corpse
k - a scroll labelled QOFISO OGULO
Things that are here:
a +0 dagger; a +0 leather armour; an orc corpse You see here a hobgoblin corpse.
There is a stone staircase leading up here.
Menkaure, Prince of Dust comes into view.
Found 10 gold pieces.
l - a scroll of identify You shoot an arrow.
The arrow hits Menkaure.
Menkaure is moderately damaged.
Menkaure closely misses you.
You shoot an arrow. The arrow hits Menkaure.
Menkaure is moderately damaged.
Menkaure barely misses you.
You shoot an arrow.
The arrow hits Menkaure but does no damage.
Menkaure is moderately damaged.
Menkaure barely misses you.
You shoot an arrow. The arrow hits Menkaure.
Menkaure is heavily damaged.
Menkaure hits you!!
Ouch! That really hurt!
* * * LOW HITPOINT WARNING * * *
You shoot an arrow. The arrow hits Menkaure.
Menkaure is heavily damaged.
Menkaure hits you!
* * * LOW HITPOINT WARNING * * *
You shoot an arrow. The arrow hits Menkaure!
Menkaure is almost destroyed.
Menkaure misses you.
You shoot an arrow. The arrow barely misses Menkaure.
Menkaure hits you!
You die...

## #. #.# #.# #.#
#.# #.# #.# ##.#
#.# ##..#
#.###..##
#....@..#
#########...M##.$#
#.....†.<...##
##.#
#)######.....# .#
.....## ##.....#
.# ##### #..##!.#
# #### #... #.M.
...


You could see Menkaure.

Vanquished Creatures
  Natasha (D:2)
  An adder (D:3)
  2 worms
  A dart slug (D:3)
  An orc (D:4)
  A bat (D:3)
  An endoplasm (D:4)
  A goblin (D:2)
  4 hobgoblins
  2 ball pythons (D:1)
  2 kobolds
  A rat (D:1)
18 creatures vanquished.

Notes
Turn   | Place    | Note
-------+----------+-------------------------------------------
     0 | D:1      | idkwhattoput the Minotaur Hunter began the quest for the
                  | Orb.
     0 | D:1      | Reached XP level 1. HP: 18/18 MP: 0/0
   109 | D:1      | Found a faded altar of an unknown god.
   120 | D:1      | Prayed at the altar of an unknown god.
   120 | D:1      | Became a worshipper of the Shining One
   120 | D:1      | Reached * piety under the Shining One
   195 | D:2      | Noticed Natasha
   199 | D:2      | Killed Natasha
   200 | D:2      | Reached skill level 5 in Ranged Weapons
   200 | D:2      | Reached XP level 2. HP: 18/25 MP: 1/1
   200 | D:2      | Reached XP level 3. HP: 22/30 MP: 2/2
   730 | D:4      | Noticed Menkaure
   743 | D:4      | HP: 1/30 [Menkaure (8)]
   745 | D:4      | Mangled by Menkaure

Illustrated notes

Levels and vault maps discovered:
D:1:      lightli_iron_boxes, layout_loops_cross, basic_ecumenical_altar,
          serial_shops, shop
D:2:      layout_basic, uniq_natasha
D:3:      layout_basic
D:4:      layout_layer_cave, mainiacjoe_overflow_boulevard,
          overflow_temple_1_default, minmay_temple_entry_large_hall,
          serial_shops, shop, uniq_menkaure, uniq_eustachio, uniq_robin

Skill      XL: |  1 |
---------------+----+-----
Ranged Weapons | 5 |  5.7
Fighting       | |  2.7
Armour         | |  0.9
Dodging        | |  2.2
Stealth        | |  0.8

Action                     || total
---------------------------++-------
   Fire: Shortbow          ||    52
    Use: Scroll            ||     3
 Armour: Leather armour    ||     4
  Dodge: Dodged            ||    20
